 Dungeon Crawl Stone Soup version 0.31-a0-18-gea43df2a32 (webtiles) character file.

Game seed: 7897601747543460758

15571 Gargoyl the Cleaver (level 12, -33/75 HPs)
             Began as a Gargoyle Berserker on May 11, 2023.
             Was an Elder of Trog.
             Annihilated by a quicksilver dragon simulacrum (40 damage)
             ... on level 3 of the Abyss.
             The game lasted 00:18:40 (9833 turns).

Gargoyl the Cleaver (Gargoyle Berserker)            Turns: 9833, Time: 00:18:41

Health: -33/75     AC: 16    Str: 31    XL:     12   Next: 28%
Magic:  12/12      EV: 16    Int:  9    God:    Trog [****..]
Gold:   835        SH:  8    Dex: 19    Spells: 11/11 levels left

rFire   . . .        w - +1 broad axe (venom)
rCold   . . .        B - +2 buckler of Wimaewig {Regen+ Str+4}
rNeg    + . .        j - +3 robe of Clouds {*Thunder rCloud rElec}
rPois   ∞            i - +1 helmet
rElec   +            (no cloak)
rCorr   .            (no gloves)
SInv    .            (no boots)
Will    ++...        (no amulet)
Stlth   +++          s - +6 ring of dexterity
HPRegen 2.12/turn    u - +6 ring of strength
MPRegen 0.13/turn

%: no passive effects
@: strong-willed, regenerating
A: sickness immunity, AC +8, negative energy resistance 1, electricity
resistance, torment resistance 1, petrification resistance
a: Renounce Religion, Berserk, Trog's Hand, Brothers in Arms


You were on level 3 of the Abyss.
You worshipped Trog.
Trog was greatly pleased with you.
You visited 2 branches of the dungeon, and saw 11 of its levels.
You visited the Abyss 1 time.
You also visited: Bailey and Gauntlet.

You collected 1015 gold pieces.
You spent 180 gold pieces at shops.

Inventory:

Hand Weapons
 a - a +3 heavy hand axe
 c - a +4 flail
 t - a +2 war axe of freezing
 w - a +1 broad axe of venom (weapon)
Missiles
 m - 10 poisoned darts (quivered)
Armour
 i - a +1 helmet (worn)
 j - the +3 robe of Clouds (worn) {*Thunder rCloud rElec}
   (You found it on level 2 of the Dungeon)

   *Thunder:  It occasionally creates storm clouds above nearby enemies.
   rCloud:    It grants its wearer immunity to clouds.
   rElec:     It insulates you from electricity.
 B - the +2 buckler of Wimaewig (worn) {Regen+ Str+4}
   (You found it in a bailey)

   Str:       It affects your strength (+4).
   Regen:     It increases your rate of health regeneration.
Jewellery
 s - a +6 ring of dexterity (left hand)
 u - a +6 ring of strength (right hand)
 x - a +6 ring of strength
Wands
 d - a wand of flame (11)
 e - a wand of polymorph (7)
 k - a wand of iceblast (7)
 v - a wand of charming (15)
 D - a wand of acid (13)
Scrolls
 l - 7 scrolls of teleportation
 p - a scroll of fog
 q - a scroll of identify
 r - 2 scrolls of fear
Potions
 f - 3 potions of lignification
 g - 4 potions of heal wounds
 h - 4 potions of might
 n - 2 potions of curing
 o - 3 potions of flight
 z - 2 potions of haste
 A - a potion of cancellation {unknown}
Miscellaneous
 y - a lightning rod (4/4)


   Skills:
 + Level 8.7 Fighting
 + Level 12.9 Axes
 + Level 1.4 Throwing
 + Level 2.5 Armour
 + Level 6.8 Dodging
 + Level 6.1 Stealth
 + Level 7.7 Shields


You had 11 spell levels left.
You didn't know any spells.
Your spell library was empty.

Dungeon Overview and Level Annotations

Branches:
Dungeon (10/15)            Temple (0/1) D:6            Lair (1/5) D:10
 Bailey (visited)         Gauntlet (visited)
    Orc: D:9-12

Altars:
Ashenzari
Cheibriados
Dithmenos
Elyvilon
Fedhas
Gozag
Hepliaklqana
Kikubaaqudgha
Makhleb
Qazlal
Ru
Sif Muna
Trog
Wu Jian
Yredelemnul
The Shining One

Shops:
D:1 *   D:5 *

Annotations:
Gauntlet 3 transporters


Innate Abilities, Weirdness & Mutations

You are immune to sickness and miasma.
Your stone body is resilient. (AC +8)
You are immune to poison.
You resist negative energy. (rN+)
You are resistant to electric shocks. (rElec)
You are resistant to unholy torment.
You are immune to petrification.


Message History

You destroy the flying skull!
Trog accepts your kill. You block the flying skull's attack.
Your skin crawls.
You feel strong-willed.
Storm clouds gather above the flying skull.
The flying skull is engulfed in a thunderstorm.
The flying skull barely misses you.
The flying skull is engulfed in a thunderstorm.
You destroy the flying skull!
Trog accepts your kill.
Unknown command.
The flying skull closely misses you.
The flying skull hits you but does no damage.
You miss the flying skull.
Storm clouds gather above the quicksilver dragon simulacrum.
You recover from your berserk rage.
The flying skull barely misses you.
The quicksilver dragon simulacrum is engulfed in a thunderstorm.
You hit the flying skull.
The flying skull is moderately damaged.
You barely miss the quicksilver dragon simulacrum.
The flying skull completely misses you.
The quicksilver dragon simulacrum bites you.
The quicksilver dragon simulacrum freezes you!!
The quicksilver dragon simulacrum claws you.
The quicksilver dragon simulacrum freezes you!!!
Ouch! That really hurt!
* * * LOW HITPOINT WARNING * * *
You hit the quicksilver dragon simulacrum but do no damage.
The quicksilver dragon simulacrum is heavily damaged.
You closely miss the flying skull.
Storm clouds gather above the flying skull.
The flying skull is engulfed in a thunderstorm.
You block the flying skull's attack.
The quicksilver dragon simulacrum bites you.
* * * LOW HITPOINT WARNING * * *
The quicksilver dragon simulacrum freezes you!!!
Ouch! That really hurt!
You die...

#.....
#......
#######
..∩#...
####... ####
......#
##..##z.....#
#...#@#
#...>Z#
##...§## ##
##..#.. #.#
#...#.###..#.
#.#...##..#
#..#...# # .
#. ... . .##
# #. ###..
.#. . .


You could see a flying skull and a quicksilver dragon simulacrum.

Vanquished Creatures
  Gastronok (Lair:1)
  2 tentacled starspawn (Abyss:3)
  A black mamba (Lair:1)
  A moth of wrath (Gauntlet)
  A starcursed mass (Abyss:3)
  A cane toad (Lair:1)
  A hellion (Abyss:3)
  A tengu conjurer (D:9)
  A kobold demonologist (D:10)
  4 trolls
  A hornet (D:9)
  A slime creature (D:9)
  3 flying skulls (Abyss:3)
  A wyvern (D:10)
  A vampire (D:9)
  14 yaks
  Eustachio (D:4)
  3 wargs (D:10)
  2 acid dragons (D:9)
  A water moccasin (D:8)
  4 orc warriors
  A black bear (D:6)
  3 ice beasts
  A sky beast (D:8)
  2 ogres
  6 wolves (Gauntlet)
  5 centaurs
  A phantom (D:6)
  2 kobold brigands
  A bullfrog (Lair:1)
  2 gnoll sergeants
  A scorpion (D:5)
  5 wights (D:8)
  A killer bee (D:9)
  8 vampire bats (Bailey)
  4 howler monkeys
  4 wolf zombies (Bailey)
  4 orc priests
  2 hounds
  3 jellies
  Terence (D:2)
  5 iguanas
  2 sleepcaps
  3 orc wizards
  Robin (D:2)
  13 gnolls
  7 adders
  A shadow imp (D:5)
  A white imp (D:5)
  A worm (D:2)
  2 dart slugs
  37 orcs
  16 endoplasms
  4 giant cockroaches
  15 goblins
  9 hobgoblins
  10 kobolds
  5 quokkas
  9 ball pythons
  6 bats
  6 frilled lizards
  11 orc zombies (Bailey)
  6 rats
  2 starspawn tentacles (Abyss:3)
275 creatures vanquished.

Vanquished Creatures (collateral kills)
  A gargoyle (Bailey)
  An eye of devastation (Abyss:3)
  A vampire (Bailey)
  2 yaks (D:9)
  3 starcursed masses (Abyss:3)
  A gnoll (D:7)
  An orc zombie (Bailey)
10 creatures vanquished.

Vanquished Creatures (others)
  A wizard (D:6)
  5 starspawn tentacles (Abyss:3)
6 creatures vanquished.

Grand Total: 291 creatures vanquished

Notes
Turn   | Place    | Note
-------+----------+-------------------------------------------
     0 | D:1      | Gargoyl the Gargoyle Berserker began the quest for the Orb.
     0 | D:1      | Reached XP level 1. HP: 14/14 MP: 1/1
   132 | D:1      | Reached XP level 2. HP: 18/19 MP: 2/2
   167 | D:1      | Reached skill level 3 in Axes
   552 | D:1      | Found Yxoon's Assorted Antiques.
   567 | D:1      | Reached ** piety under Trog
   568 | D:1      | Reached XP level 3. HP: 22/24 MP: 3/3
   985 | D:2      | Noticed Terence
   999 | D:2      | Killed Terence
  1000 | D:2      | Reached XP level 4. HP: 29/29 MP: 4/4
  1013 | D:2      | Noticed Robin
  1033 | D:2      | Killed Robin
  1039 | D:2      | Reached skill level 4 in Axes
  1185 | D:2      | Found the +3 robe of Clouds {*Thunder rCloud rElec}
  1595 | D:2      | Reached XP level 5. HP: 33/33 MP: 5/5
  1871 | D:3      | Found a white marble altar of Elyvilon.
  1954 | D:3      | Reached *** piety under Trog
  2218 | D:3      | Found a basalt altar of Yredelemnul.
  2364 | D:3      | Found a faded altar of an unknown god.
  2442 | D:4      | Noticed an ogre
  2454 | D:4      | Reached skill level 1 in Stealth
  2620 | D:4      | You fall into a shaft and drop 1 floor!
  2620 | D:5      | Entered Level 5 of the Dungeon
  2648 | D:5      | Reached XP level 6. HP: 34/38 MP: 6/6
  2869 | D:5      | Reached skill level 5 in Axes
  3047 | D:5      | Reached XP level 7. HP: 44/44 MP: 7/7
  3302 | D:5      | Found Yfosiewo's Assorted Antiques.
  3311 | D:5      | Bought a scroll of teleportation for 90 gold pieces
  3311 | D:5      | Bought a scroll of teleportation for 90 gold pieces
  3412 | D:4      | Reached skill level 6 in Axes
  3488 | D:4      | Noticed Eustachio
  3507 | D:4      | Killed Eustachio
  3584 | D:4      | Reached XP level 8. HP: 46/48 MP: 8/8
  3642 | D:4      | Found a sacrificial altar of Ru.
  3732 | D:4      | Reached skill level 7 in Axes
  4368 | D:5      | Reached skill level 5 in Fighting
  4377 | D:5      | Found an ornate altar of the Wu Jian Council.
  4547 | D:5      | Found a faded altar of an unknown god.
  4548 | D:5      | Found a hazy altar of Hepliaklqana.
  4928 | D:6      | Found a staircase to the Ecumenical Temple.
  4929 | D:6      | Reached **** piety under Trog
  5156 | D:6      | Found a glowing golden altar of the Shining One.
  5156 | D:6      | Found a broken altar of Ashenzari.
  5461 | D:6      | Found a shadowy altar of Dithmenos.
  5470 | D:6      | Reached skill level 8 in Axes
  5470 | D:6      | Reached skill level 1 in Shields
  5954 | D:6      | Found a bloodstained altar of Trog.
  5958 | D:6      | Noticed a wizard
  5963 | D:6      | Killed a wizard
  6165 | D:7      | Reached XP level 9. HP: 54/54 MP: 9/9
  6580 | D:7      | Found a shimmering blue altar of Sif Muna.
  6943 | D:8      | Reached skill level 9 in Axes
  6966 | D:8      | Noticed an entropy weaver
  7166 | D:8      | Found a faded altar of an unknown god.
  7166 | D:8      | Found a blossoming altar of Fedhas.
  7174 | D:8      | Found a faded altar of an unknown god.
  7176 | D:8      | Found a snail-covered altar of Cheibriados.
  7178 | D:8      | Found a stormy altar of Qazlal.
  7367 | D:8      | Noticed a salamander
  7504 | D:9      | Noticed a troll
  7512 | D:9      | Killed a troll
  7549 | D:9      | Noticed a troll
  7559 | D:9      | Killed a troll
  7560 | D:9      | Reached skill level 1 in Throwing
  7560 | D:9      | Reached XP level 10. HP: 60/61 MP: 10/10
  7660 | D:9      | Identified the +1 pair of boots of Anaesthesia {Drain rElec
                  | rCorr}
  7716 | D:9      | Found the +8 autumn katana {manifold assault}
  7726 | D:9      | Reached skill level 10 in Axes
  7809 | D:9      | Reached skill level 5 in Dodging
  7899 | D:9      | Found a flagged portal.
  7905 | Bailey   | Entered a bailey
  8016 | Bailey   | Reached skill level 5 in Stealth
  8106 | Bailey   | Noticed a gargoyle
  8113 | Bailey   | Killed a gargoyle
  8127 | Bailey   | Reached skill level 5 in Shields
  8142 | Bailey   | Identified the +2 buckler of Wimaewig {Regen+ Str+4}
  8211 | Bailey   | Identified the +4 ring mail of Least Resistance {rC+}
  8393 | D:9      | Reached skill level 11 in Axes
  8395 | D:9      | Reached XP level 11. HP: 67/67 MP: 11/11
  8684 | D:9      | Identified 2 scrolls of acquirement
  8684 | D:9      | Acquired 549 gold pieces
  8686 | D:9      | Acquired a +0 broad axe of venom
  8719 | D:10     | Entered Level 10 of the Dungeon
  8755 | D:10     | Found an opulent altar of Gozag.
  8798 | D:10     | Found a staircase to the Lair.
  9092 | D:10     | Found a burning altar of Makhleb.
  9204 | D:10     | Found an ancient bone altar of Kikubaaqudgha.
  9330 | Lair:1   | Entered Level 1 of the Lair of Beasts
  9387 | Lair:1   | Noticed Gastronok
  9404 | Lair:1   | Killed Gastronok
  9405 | Lair:1   | Reached skill level 12 in Axes
  9438 | Lair:1   | Found a gate leading to a gauntlet.
  9448 | Gauntlet | Entered a Gauntlet
  9448 | Gauntlet | Found a transporter.
  9448 | Gauntlet | Found a transporter.
  9471 | Gauntlet | Noticed a moth of wrath
  9473 | Gauntlet | Found a transporter.
  9477 | Gauntlet | Killed a moth of wrath
  9478 | Gauntlet | Reached ***** piety under Trog
  9483 | Gauntlet | Found a transporter.
  9587 | Gauntlet | Found a transporter.
  9589 | Gauntlet | Noticed a wizard
  9621 | Gauntlet | Found a transporter.
  9622 | Abyss:2  | Cast into level 2 of the Abyss (a wizard)
  9654 | Abyss:3  | Noticed a tentacled starspawn
  9765 | Abyss:3  | Noticed a tentacled starspawn
  9769 | Abyss:3  | Noticed a starcursed mass
  9772 | Abyss:3  | Killed a tentacled starspawn
  9775 | Abyss:3  | Reached XP level 12. HP: 75/75 MP: 12/12
  9782 | Abyss:3  | Killed a starcursed mass
  9783 | Abyss:3  | Killed a starcursed mass
  9805 | Abyss:3  | Killed a tentacled starspawn
  9833 | Abyss:3  | Annihilated by a quicksilver dragon simulacrum

Illustrated notes

Levels and vault maps discovered:
D:1:      psy_arrival_terrarium, layout_basic, serial_shops, shop,
          minmay_tetromino_i2
D:2:      layout_loops_ring, serial_forest, infiniplex_forest_zigzag_1,
          infiniplex_forest_lined_3, infiniplex_forest_clump_small,
          infiniplex_forest_clump_small, infiniplex_forest_clump_double,
          infiniplex_forest_clump_diagonal, infiniplex_forest_clump_long,
          uniq_robin, uniq_terence
D:3:      layout_rooms, elyvilon_altar_1, mainiacjoe_overflow_small_starburst,
          hellmonk_ecumenical_altar_inner_sanctum
D:4:      layout_layer_cave, mainiacjoe_overflow_tiny_flanked,
          wad_rectangle_vault, uniq_eustachio
D:5:      layout_layer_cave, beargit_hepliaklqana_dungeon_heroes,
          mainiacjoe_overflow_surrounded_room, serial_shops, shop,
          nicolae_sextant, supply_closet_lemuel
D:6:      layout_basic, grunt_dithmenos_shadows, trog_wizard,
          gammafunk_temple_overflow_pools, minmay_temple_entry_mini_moons
D:7:      layout_rooms, mainiacjoe_overflow_alcove_1
D:8:      layout_loops_ring, chequers_temple_overflow_minitemple, wad_dig_loot
D:9:      minmay_the_grid_four_pointed_star [minmay_the_grid_triangle_9x9_empty,
          minmay_the_grid_triangle_9x9_cache,
          minmay_the_grid_triangle_9x9_zippers_vertical,
          minmay_the_grid_triangle_9x9_windchime,
          minmay_the_grid_prize_diamond_cup], layout_irregular_city,
          enter_bailey_4
D:10:     layout_basic, lemuel_doored_altar, mainiacjoe_overflow_catch_the_wave,
          erik_lair_orcish_takeover
Lair:1:   layout_chaotic_city, gauntlet_entry_generic, serial_bayou_pond_e,
          grunt_forest_small_clearings, grunt_megastairs_1,
          serial_bayou_shore_b, serial_bayou_shore_a, uniq_gastronok
Abyss:3:  base: Gauntlet, hangedman_abyss_feature_spike, evilmike_abyss_exit_12
Gauntlet: gammafunk_gauntlet_branching [nicolae_gauntlet_arena_flowing_pool,
          nicolae_gauntlet_arena_blocks, gammafunk_gauntlet_arena_split_diamond,
          gammafunk_gauntlet_arena_arrow_garden,
          gammafunk_gauntlet_arena_chambers, gammafunk_gauntlet_arena_teeth,
          nicolae_gauntlet_swirl, gammafunk_gauntlet_arena_mazey,
          gauntlet_exit_hidden_loot]

Skill      XL: |  1  2  3  4  5  6  7  8  9 10 11 |
---------------+----------------------------------+-----
Axes           | 3 4 5 6 8 9 11 12 | 12.9
Dodging        | 2 3 4 5 6 |  6.8
Fighting       | 4 5 6 7 8 |  8.7
Stealth        | 1 2 3 4 5 6 |  6.1
Shields        | 1 3 5 7 |  7.7
Throwing       | 1 |  1.4
Armour         | |  2.5

Action                     |  1- 3 |  4- 6 |  7- 9 | 10-12 || total
---------------------------+-------+-------+-------+-------++-------
  Melee: Hand axe          |   113 |   153 |   159 |       ||   425
         Punch             |     1 |       |       |       ||     1
         War axe           |       |       |    44 |   118 ||   162
         Broad axe         |       |       |       |    67 ||    67
  Throw: Dart              |       |       |     9 |       ||     9
 Invoke: Berserk           |     3 |     3 |    10 |     3 ||    19
         Trog's Hand       |       |     2 |     2 |     7 ||    11
         Brothers in Arms  |       |       |     1 |     3 ||     4
    Use: Scroll            |     6 |     5 |     9 |     8 ||    28
         Potion            |       |     3 |       |     2 ||     5
   Stab: Sleeping          |     1 |       |     3 |     5 ||     9
         Distracted        |     1 |       |       |     1 ||     2
 Armour: Animal skin       |    42 |    11 |       |       ||    53
         Scale mail        |       |     8 |       |       ||     8
         Robe              |       |    31 |    96 |    75 ||   202
  Dodge: Dodged            |   101 |   102 |   102 |   124 ||   429
  Block: Kite shield       |       |       |    63 |    52 ||   115
         Buckler           |       |       |       |    63 ||    63

Table legend: (Time is in decaauts)
 A = Elapsed time spent in this place.
 B = Non-inter-level travel time spent in this place.
 C = Inter-level travel time spent in this place.
 D = Time resting spent in this place.
 E = Time spent auto-exploring this place.
 F = Levels seen in this place.
 G = Mean time per level.
                   A        B        C        D        E       F      G
               +--------+--------+--------+--------+--------+-----+--------+
         Total |  10037 |   9747 |    290 |    380 |   7040 |  15 |  669.1 |
       Dungeon |   9130 |   8840 |    290 |    140 |   6813 |  10 |  913.0 |
          Lair |    118 |    118 |      0 |      0 |     31 |   1 |  118.0 |
         Abyss |    214 |    214 |      0 |    120 |      8 |   2 |  107.0 |
        Bailey |    401 |    401 |      0 |      0 |    188 |   1 |  401.0 |
      Gauntlet |    173 |    173 |      0 |    120 |      0 |   1 |  173.0 |
               +--------+--------+--------+--------+--------+-----+--------+

Top non-repeatable levels by time:
     D:5: 1455 daAuts
     D:6: 1155 daAuts
     D:4: 1154 daAuts
     D:2: 1137 daAuts
     D:9: 896 daAuts
     D:8: 784 daAuts
     D:1: 752 daAuts
     D:3: 611 daAuts
    D:10: 609 daAuts
     D:7: 572 daAuts
  Bailey: 401 daAuts
 Abyss:3: 191 daAuts
Gauntlet: 173 daAuts
  Lair:1: 118 daAuts
 Abyss:2: 22 daAuts
